 Dungeon Crawl Stone Soup version 0.29-a0-1027-gcd8c55af63 (webtiles) character file.

Game seed: 10832114029606879593

10 ragingrage the Sneak (level 2, -2/26 HPs)
             Began as a Minotaur Delver on Aug 13, 2022.
             Succumbed to an orc's poison
             ... on level 3 of the Dungeon.
             The game lasted 00:00:54 (308 turns).

ragingrage the Sneak (Minotaur Delver)               Turns: 308, Time: 00:00:55

Health: -2/26      AC:  3    Str: 16    XL:     2   Next: 10%
Magic:  1/1        EV: 11    Int:  7    God:
Gold:   0          SH:  0    Dex: 11    Spells: 1/1 levels left

rFire   . . .      SeeInvis .   a - +0 hand axe
rCold   . . .      Faith    .   (no shield)
rNeg    . . .      Spirit   .   b - +0 leather armour
rPois   .          Reflect  .   (helmet restricted)
rElec   .          Harm     .   (no cloak)
rCorr   .          Rampage  .   (no gloves)
Will    .....                   (no boots)
Stlth   ++........              (no amulet)
HPRegen 0.08/turn               (no ring)
MPRegen 0.07/turn               (no ring)

@: lethally poisoned (-2 -> -12)
A: horns 2, retaliatory headbutt
a: no special abilities


You were on level 3 of the Dungeon.
You visited 1 branch of the dungeon, and saw 3 of its levels.

Inventory:

Hand Weapons
 a - a +0 hand axe (weapon)
Armour
 b - a +0 leather armour (worn)
Wands
 g - a wand of digging (3)
Scrolls
 c - a scroll of fog
 d - 2 scrolls of magic mapping
 e - a scroll of fear
Potions
 f - a potion of haste


   Skills:
 - Level 3.6 Fighting
 + Level 3.5 Axes
 - Level 2.1 Dodging
 - Level 4.1 Stealth


You had one spell level left.
You didn't know any spells.
Your spell library was empty.

Dungeon Overview and Level Annotations

Branches:
Dungeon (5/15)
 Temple: D:4-7

Altars:


Innate Abilities, Weirdness & Mutations

You have a pair of horns on your head.
You reflexively headbutt those who attack you in melee.


Message History

The orc shouts!
There are monsters nearby!
There are monsters nearby!
You barely miss the orc. You headbutt the orc.
The orc is severely wounded.
The orc barely misses you.
Press: ? - help, v - describe, . - travel
Here: an orc, wielding a +0 trident of venom and wearing a +0 chain mail The floor.
You hit the orc.
You kill the orc!
You have reached level 2!
The orc hits you with a +0 trident of venom.
You are poisoned.
There is an open door, spattered with blood here.
You see here a +0 club.
You hit the orc but do no damage.
You feel very sick. The orc closely misses you. x2
You barely miss the orc. Your headbutt misses the orc.
You feel very sick.
An orc comes into view. It is wielding a +0 short sword.
The orc hits you with a +0 trident of venom.
You are lethally poisoned!
You hit the orc but do no damage.
You feel very sick. The orc barely misses you.
You hit the orc. You headbutt the orc.
The orc is severely wounded.
* * * LOW HITPOINT WARNING * * *
You feel very sick. The orc barely misses you.
You barely miss the orc. You headbutt the orc.
You kill the orc!
* * * LOW HITPOINT WARNING * * *
You feel very sick.
An orc priest comes into view. It is wielding a +0 club.
You slash the orc!
You kill the orc!
You die...

..........##.........##.#
..........#8..(......8#.#
..........'.....[.....'.#
.....>##'##8........|8#.##
########)###.........##..#
#...##8.....8######
#######.....## ##8.8##
##@## #.)# #.## #. o. ###


You could see an orc priest.

Vanquished Creatures
  A worm (D:3)
  3 orcs (D:3)
  An endoplasm (D:3)
  A kobold (D:3)
6 creatures vanquished.

Notes
Turn   | Place    | Note
-------+----------+-------------------------------------------
     0 | D:5      | ragingrage the Minotaur Delver began the quest for the Orb.
     0 | D:5      | Reached XP level 1. HP: 19/19 MP: 0/0
     1 | D:5      | Noticed a gnoll sergeant
    16 | D:4      | Noticed a scorpion
   257 | D:4      | Noticed a jelly
   302 | D:3      | Reached XP level 2. HP: 26/26 MP: 1/1
   307 | D:3      | HP: 1/26 [poisoned by an orc]
   308 | D:3      | Succumbed to an orc's poison

Illustrated notes

Levels and vault maps discovered:
D:3:      layout_basic, nicolae_elyvilon_temple_path, dk_noncrumbling_4
D:4:      cheibrodos_thug_alley, layout_basic, amcnicky_altar_gilded,
          minmay_temple_entry_glassed_door, uniq_pikel, uniq_duvessa
D:5:      layout_basic, vehumet_crystals, lemuel_zombie_altar_yredelemnul,
          cheibriados_altar_1, amcnicky_mini_corridor_feature

Skill      XL: |  1 |
---------------+----+-----
Axes           | 3 |  3.5
Fighting       | |  3.6
Dodging        | |  2.1
Stealth        | |  4.1

Action                   || total
-------------------------++-------
Melee: Hand axe          ||    14
       Headbutt          ||     5
 Stab: Sleeping          ||     1
Dodge: Dodged            ||     7

Table legend: (Time is in decaauts)
 A = Elapsed time spent in this place.
 B = Non-inter-level travel time spent in this place.
 C = Inter-level travel time spent in this place.
 D = Time resting spent in this place.
 E = Time spent auto-exploring this place.
 F = Levels seen in this place.
 G = Mean time per level.
                   A        B        C        D        E       F      G
               +--------+--------+--------+--------+--------+-----+--------+
         Total |    309 |    285 |     24 |     86 |    117 |   3 |  103.0 |
       Dungeon |    309 |    285 |     24 |     86 |    117 |   3 |  103.0 |
               +--------+--------+--------+--------+--------+-----+--------+

Top non-repeatable levels by time:
     D:3: 290 daAuts
     D:5: 14 daAuts
     D:4: 5 daAuts
